 Dungeon Crawl Stone Soup version 0.25.1-2-g60ff931df9 (webtiles) character file.

Game seed: 870113880630942171

43 Elvor the Shield-Bearer (level 3, 0/33 HPs)
             Began as a Minotaur Fighter on Sept 7, 2020.
             Succumbed to an adder's poison
             ... on level 2 of the Dungeon.
             The game lasted 00:06:56 (650 turns).

Elvor the Shield-Bearer (Minotaur Fighter)           Turns: 650, Time: 00:06:57

Health: 0/33       AC:  8    Str: 21    XL:     3   Next: 37%
Magic:  2/2        EV:  7    Int:  5    God:
Gold:   9          SH:  9    Dex:  9    Spells: 2/2 levels left

rFire    . . .     SeeInvis .   a - +0 flail
rCold    . . .     Gourm    .   c - +0 kite shield
rNeg     . . .     Faith    .   b - +0 scale mail
rPois    .         Spirit   .   e - +0 hat
rElec    .         Reflect  .   (no cloak)
rCorr    .         Harm     .   l - +0 pair of gloves
MR       .....                  (no boots)
Stlth    ..........             (no amulet)
HPRegen  0.11/turn              (no ring)
MPRegen  0.08/turn              (no ring)

@: lethally poisoned (0 -> -4), hasted, very quick
A: retaliatory headbutt, horns 2
a: no special abilities


You were on level 2 of the Dungeon.
You were not hungry.

You visited 1 branch of the dungeon, and saw 2 of its levels.

You collected 9 gold pieces.

Inventory:

Hand Weapons
 a - a +0 flail (weapon)
 n - a +1 vorpal mace
Missiles
 i - 14 poisoned darts (quivered)
Armour
 b - a +0 scale mail (worn)
 c - a +0 kite shield (worn)
 e - a +0 hat (worn)
 l - a +0 pair of gloves (worn)
Jewellery
 k - an uncursed amulet of faith
Scrolls
 g - a scroll of blinking {unknown}
 j - 2 scrolls of identify {unknown}
Potions
 d - 2 potions of might
 m - a potion of haste
Comestibles
 f - 4 rations
 h - a chunk of flesh


   Skills:
 + Level 4.0 Fighting
 * Level 3.2 Maces & Flails
 + Level 4.0 Armour
 + Level 0.4 Dodging
 + Level 4.2 Shields


You had 2 spell levels left.
You didn't know any spells.
Your spell library was empty.

Dungeon Overview and Level Annotations

Branches:
Dungeon (2/15)

Altars:


Innate Abilities, Weirdness & Mutations

You reflexively headbutt those who attack you in melee.
You have a pair of horns on your head.


Message History

You miss the adder. You headbutt the adder.
You kill the adder!
Your shield prevents you from hitting the kobold.
* * * LOW HITPOINT WARNING * * *
You feel sick. You block the kobold's attack.
Your shield and scale mail prevent you from hitting the kobold.
You block the kobold's attack.
You miss the kobold. Your headbutt misses the kobold.
* * * LOW HITPOINT WARNING * * *
You feel sick. The kobold hits you but does no damage.
You hit the kobold. Your headbutt misses the kobold.
The kobold is heavily wounded.
The kobold hits you.
* * * LOW HITPOINT WARNING * * *
You closely miss the kobold. Your headbutt misses the kobold.
The kobold is heavily wounded.
You block the kobold's attack.
You closely miss the kobold. Your headbutt misses the kobold.
The kobold is heavily wounded.
You die...

..........
.........
........$
.........
........#
..).....#
........#
#K# #@# #
# #(# ##
#. #.# ##.
#.. #.#
#.. #.##.#
#.. #..#.#
##..
#...###
#..<
###<..#
#####..)
#.#.#
###.......


You could see a kobold.

Vanquished Creatures
  An adder (D:2)
  A worm (D:2)
  A dart slug (D:1)
  A leopard gecko (D:2)
  A bat (D:1)
  2 giant cockroaches (D:1)
  5 goblins
  2 hobgoblins (D:1)
  4 jackals (D:2)
  4 frilled lizards (D:1)
  4 kobolds
  2 rats
28 creatures vanquished.

Notes
Turn   | Place    | Note
-------+----------+-------------------------------------------
     0 | D:1      | Elvor the Minotaur Fighter began the quest for the Orb.
     0 | D:1      | Reached XP level 1. HP: 19/19 MP: 0/0
   370 | D:1      | Reached XP level 2. HP: 15/27 MP: 1/1
   538 | D:1      | 1
   586 | D:2      | Reached XP level 3. HP: 20/33 MP: 2/2
   648 | D:2      | HP: 1/33 [kobold (1)]
   650 | D:2      | Succumbed to an adder's poison

Illustrated notes

##############
#.............
######..)..........
#...##.............
########...##.............
###........@................
#...[.............(.........
#..............#####........
#........)...#.#####.#####.#
#............#.....#.# #....
#............#####.#.###.#..
#....)....#### #.#.#...#..
#.........# #.#.#.###..
#.........########.#.#†# #..


Turn 538 on D:1: 1

Levels and vault maps discovered:
D:1:      saegor_arrival_simple_c, layout_basic
D:2:      layout_rooms

Skill      XL: |  1  2 |
---------------+-------+-----
Shields        | 4 |  4.2
Fighting       | 4 |  4.0
Maces & Flails | 3 |  3.2
Armour         | 4 |  4.0
Dodging        | |  0.4

Action                   || total
-------------------------++-------
Melee: Flail             ||   107
       Headbutt          ||     9
  Use: Potion            ||     1
Armor: Scale mail        ||    55
Dodge: Dodged            ||    24
Block: Kite shield       ||    57
